 Dungeon Crawl Stone Soup version 0.23-a0-396-g5214e5f (webtiles) character file.

154 GizzardofKazz the Chopper (level 5, -1/41 HPs)
             Began as a Formicid Fighter on Nov 3, 2018.
             Slain by a gnoll
             ... wielding a cursed -1 halberd
              (9 damage)
             ... on level 2 of the Dungeon.
             The game lasted 00:02:47 (1533 turns).

GizzardofKazz the Chopper (Formicid Fighter)        Turns: 1533, Time: 00:02:48

Health: -1/41      AC:  8    Str: 21    XL:     5   Next: 63%
Magic:  5/5        EV:  7    Int:  8    God:
Gold:   51         SH:  9    Dex: 10    Spells: 4/4 levels left

rFire    . . .     SeeInvis +   a - +0 war axe
rCold    . . .     Gourm    .   c - +0 shield
rNeg     . . .     Faith    .   b - +0 scale mail
rPois    .         Spirit   .   (helmet unavailable)
rElec    .         Reflect  .   (no cloak)
rCorr    .         Harm     .   e - +0 pair of gloves
MR       .....                  (no boots)
Stlth    +.........             (no amulet)
HPRegen  0.13/turn              j - ring of stealth
MPRegen  0.09/turn              (no ring)

@: no status effects
A: permanent stasis, dig shafts and tunnels, four strong arms, antennae 3
a: Dig, Shaft Self


You were on level 2 of the Dungeon.
You were not hungry.

You visited 1 branch of the dungeon, and saw 2 of its levels.

You collected 51 gold pieces.

Inventory:

Hand Weapons
 a - a +0 war axe (weapon)
Armour
 b - a +0 scale mail (worn)
 c - a +0 shield (worn)
 e - a +0 pair of gloves (worn)
Jewellery
 j - a ring of stealth (left hand)
Scrolls
 h - 4 scrolls of remove curse {unknown}
 k - 2 scrolls of identify {unknown}
 l - a scroll of fear {unknown}
 m - a scroll of teleportation {unknown}
 n - 2 scrolls of immolation {unknown}
 o - a scroll of amnesia {unknown}
Potions
 d - a potion of might
 g - a potion of degeneration {unknown}
 i - a potion of flight {unknown}
 p - a potion of agility {unknown}
Comestibles
 f - 2 rations
 q - 4 chunks of flesh


   Skills:
 - Level 3.2 Fighting
 + Level 5.4 Axes
 - Level 3.2 Armour
 - Level 3.6 Shields


You had 4 spell levels left.
You didn't know any spells.
Your spell library was empty.

Dungeon Overview and Level Annotations

Branches:
Dungeon (2/15)

Altars:


Innate Abilities, Weirdness & Mutations

You cannot be hasted, slowed, berserked, paralysed or teleported.
You can dig through walls and to a lower floor.
Your four strong arms can wield two-handed weapons with a shield.
You have a pair of large antennae on your head. (SInv)


Message History

The gnoll is heavily wounded.
The gnoll hits you with a +0 flail.
You closely miss the gnoll.
The gnoll is heavily wounded.
The gnoll hits you but does no damage.
You slash the gnoll!
You kill the gnoll!
The gnoll hits you from afar with a cursed -1 halberd!
You block the gnoll's attack.
You see here a +0 flail.
You hit the gnoll but do no damage.
The gnoll hits you with a cursed -1 halberd!
* * * LOW HITPOINT WARNING * * *
You closely miss the gnoll. The gnoll hits you but does no damage.
Your shield and scale mail prevent you from hitting the gnoll.
The gnoll barely misses you.
You hit the gnoll.
The gnoll is lightly wounded.
The gnoll hits you with a cursed -1 halberd!
You die...

#.#### # #.# # ..# #
######### ########### #
......... .>.......# #
.##############........#
# .# .......g......# #
.# #g# # .# #@# # .#
#.####### # .# #.......#
# .# ########.# # .#
.........# # .#
####....# # .#
.......#.# # ##
########.# # #...#.# #


You could see 2 gnolls.

Vanquished Creatures
  An ice beast (D:2)
  A gnoll (D:2)
  An adder (D:2)
  An ooze (D:2)
  An adder zombie (D:2)
  2 dart slugs (D:1)
  A ball python (D:1)
  4 bats
  3 giant cockroaches
  3 goblins
  4 hobgoblins (D:1)
  5 jackals (D:1)
  3 kobolds
  2 frilled lizards (D:1)
  6 rats
38 creatures vanquished.

Notes
Turn   | Place    | Note
-------+----------+-------------------------------------------
     0 | D:1      | GizzardofKazz the Formicid Fighter began the quest for the
                  | Orb.
     0 | D:1      | Reached XP level 1. HP: 18/18 MP: 1/1
    51 | D:1      | Reached XP level 2. HP: 19/24 MP: 2/2
    62 | D:1      | Reached skill level 3 in Axes
   343 | D:1      | Reached XP level 3. HP: 26/29 MP: 3/3
  1004 | D:2      | Reached skill level 4 in Axes
  1004 | D:2      | Reached XP level 4. HP: 35/35 MP: 4/4
  1022 | D:2      | Noticed an ice beast
  1035 | D:2      | Killed an ice beast
  1035 | D:2      | Reached skill level 5 in Axes
  1035 | D:2      | Reached XP level 5. HP: 5/41 MP: 5/5
  1533 | D:2      | Slain by a gnoll

Vault maps used:
D:1:      saegor_arrival_simple_d, minmay_pentomino_p4
D:2:      serial_undead, serial_undead_f, serial_undead_d, serial_undead_e,
          serial_undead_e, brannock_xom_greatest_gift

Skill      XL: |  1  2  3  4 |
---------------+-------------+-----
Axes           | 3 4 5 |  5.4
Fighting       | |  3.2
Armour         | |  3.2
Shields        | |  3.6

Action                   |  1- 3 |  4- 6 || total
-------------------------+-------+-------++-------
Melee: War axe           |   106 |    50 ||   156
  Eat: Chunk             |     1 |     1 ||     2
Armor: Scale mail        |    63 |    26 ||    89
Dodge: Dodged            |    39 |     8 ||    47
Block: Shield            |    63 |    22 ||    85

Table legend:
 A = Non-vault XP
 B = Vault XP
 C = Vault XP percentage of total XP
 D = Non-vault monster count
 E = Vault monster count
 F = Vault count percentage of total count
                 A         B        C        D         E       F
            +---------+---------+-------+---------+---------+-------
      Total |     210 |      11 |   5.0 |      34 |       4 |  10.5
            +---------+---------+-------+---------+---------+-------
        D:1 |      40 |       5 |  11.1 |      20 |       3 |  13.0
        D:2 |     170 |       6 |   3.4 |      14 |       1 |   6.7
            +---------+---------+-------+---------+---------+-------
